 Dungeon Sprint DCSS version bcrawl-1.12-11-gb93c957c58 (webtiles) character file.

Game seed: 9722928720724066567

12200000 Freyura the Conqueror (level 27, -4/249 HPs)
             Began as a Demonspawn Monk on June 30, 2019.
             Was the Champion of Makhleb.
             Killed from afar by a scourge (44 damage)
             ... with a poison arrow
             ... in the Dungeon (Sprint VIII: "Arena of Blood").
             The game lasted 00:09:28 (122 turns).

Freyura the Conqueror (Demonspawn Monk)              Turns: 122, Time: 00:09:29

Health: -4/249     AC:  8    Str: 12    XL:     27
Magic:  0/54       EV: 38    Int: 15    God:    Makhleb [******]
Gold:   0          SH:  0    Dex: 25    Spells: 80/80 levels left

rFire    . . .     SeeInvis .   l - +∞ Axe of Woe
rCold    + . .     Gourm    .   (shield currently unavailable)
rNeg     + . .     Faith    .   b - +0 robe
rPois    .         Spirit   +   c - +0 hat
rElec    .         Reflect  .   (no cloak)
rCorr    .         Harm     .   (no gloves)
MR       ++...     NoTele   +   (boots unavailable)
Stlth    +++++++++.             d - amulet of guardian spirit
HPRegen  0.51/turn              p - +200 ring of slaying
MPRegen  0.34/turn              o - +200 ring of slaying

@: lethally poisoned (-4 -> -65), slowed, very slow
A: talons 3, icy blue scales 3, foul stench 2, negative energy resistance 1,
spiny 3, 50% torment resistance, black mark, rot immunity
a: Minor Destruction, Lesser Servant of Makhleb, Major Destruction, Greater
Servant of Makhleb, Renounce Religion


You were in the Dungeon.
You worshipped Makhleb.
Makhleb was exalted by your worship.
You were not hungry.

You visited 1 branch

Inventory:

Hand Weapons
 a - a +0 hand axe
 l - the +∞ Axe of Woe (weapon)
   (You found it in the Dungeon)
Armour
 b - a +0 robe (worn)
 c - a +0 hat (worn)
Jewellery
 d - an amulet of guardian spirit (around neck)
 m - a +30 ring of slaying
 n - a +30 ring of slaying
 o - a +200 ring of slaying (right hand)
 p - a +200 ring of slaying (left hand)
Scrolls
 k - a scroll of blinking
Potions
 h - a potion of haste
 j - a potion of berserk rage
Comestibles
 f - a ration {!d}


   Skills:
 O Level 27 Fighting
 O Level 27 Axes
 O Level 27 Throwing
 O Level 27 Armour
 O Level 27 Dodging
 O Level 27 Stealth
 O Level 27 Unarmed Combat
 O Level 27 Spellcasting
 O Level 27 Invocations


You had 80 spell levels left.
You didn't know any spells.
Your spell library was empty.

Dungeon Overview and Level Annotations

Branches:
Dungeon (1/1)

Altars:
Makhleb


Innate Abilities, Weirdness & Mutations

You have claws for feet.
You are completely covered in icy blue scales. (AC +4, rC+)
You frequently emit foul miasma when damaged in melee.
You resist negative energy. (rN+)
You are completely covered in sharp spines.
You are somewhat able to resist unholy torments (1 in 2 success).
Your melee attacks may debilitate your foes.
You are immune to rotting.


Message History

The eight-headed meat hydra convulses!
The scourge convulses!
The eight-headed meat hydra convulses!
The scourge convulses!
Your body is wracked with pain!
* * * LOW HITPOINT WARNING * * *
You hear a shout!
The accursed casts a spell at you. Something smites you!
* * * LOW HITPOINT WARNING * * *
The fleshlord casts a spell.
The fleshlord seems to speed up.
You hear a shout! x2
You feel much better.
You are engulfed in poison gas.
You are more poisoned.
* * * LOW HITPOINT WARNING * * *
You feel very sick.
You hear a shout! x7
The scourge throws poison arrow at you. The poison arrow hits you!
You are lethally poisoned!
You die...

......_........V.
#.....#.....D.
#_.<.p#.......
..#...).#).o...#
.....o_))))......
......###)))......
.###....))○###....
#....○☼°# ...
#.....°@# .
......D☼○S......
......☼.☼....#..
......DS☼...#...
..........##....
#........#. ...
........#. ###
.#.........


You could see 2 eight-headed meat hydras, 2 scourges and a fleshlord.

Vanquished Creatures
  8 hell beasts (D)
  4 greater mummies (D)
  6 great orbs of eyes (D)
  24 vampire knights (D)
  33 ogres (D)
  5 two-headed ogres (D)
  6 liches (D)
  3 hydras (D)
  47 orcs (D)
  6 phantoms (D)
  3 skeletal warriors (D)
  3 sea snakes (D)
  6 large abominations (D)
  7 small abominations (D)
  9 crawling corpses (D)
170 creatures vanquished.

Vanquished Creatures (others)
  A crawling corpse (D)
1 creature vanquished.

Grand Total: 171 creatures vanquished

Notes
Turn   | Place    | Note
-------+----------+-------------------------------------------
     0 | D        | Found the +∞ Axe of Woe
     0 | D        | Freyura the Demonspawn Monk began the quest for the Orb.
     0 | D        | Reached XP level 1. HP: 18/18 MP: 2/2
     1 | D        | Noticed a bag of meat
     3 | D        | Became a worshipper of Makhleb the Destroyer
     3 | D        | Reached * piety under Makhleb
     3 | D        | Reached ** piety under Makhleb
     6 | D        | Noticed a bag of meat
     6 | D        | Noticed a meat berserker
     7 | D        | Killed a bag of meat
     7 | D        | Reached skill level 15 in Fighting
     7 | D        | Gained mutation: You are partially covered in sharp spines.
                  | [demonic ancestry]
     7 | D        | Reached XP level 2. HP: 45/45 MP: 2/8
     7 | D        | Gained mutation: You have sharp toenails. [demonic
                  | ancestry]
     7 | D        | Reached XP level 3. HP: 51/51 MP: 2/10
     7 | D        | Reached XP level 4. HP: 58/58 MP: 2/11
     7 | D        | Gained mutation: You are partially covered in icy blue
                  | scales. (AC +2) [demonic ancestry]
     7 | D        | Reached XP level 5. HP: 64/64 MP: 2/13
     7 | D        | Gained mutation: You have razor-sharp toenails. [demonic
                  | ancestry]
     7 | D        | Reached XP level 6. HP: 71/71 MP: 2/14
     7 | D        | Reached XP level 7. HP: 77/77 MP: 2/15
     7 | D        | Gained mutation: You are mostly covered in icy blue scales.
                  | (AC +3) [demonic ancestry]
     7 | D        | Reached XP level 8. HP: 84/84 MP: 2/16
     7 | D        | Gained mutation: You are immune to rotting. [demonic
                  | ancestry]
     7 | D        | Reached XP level 9. HP: 91/91 MP: 2/17
     7 | D        | Reached XP level 10. HP: 98/98 MP: 2/18
     7 | D        | Gained mutation: You have claws for feet. [demonic
                  | ancestry]
     7 | D        | Reached XP level 11. HP: 104/104 MP: 2/19
     7 | D        | Noticed a bag of meat
     7 | D        | Noticed a meat berserker
     8 | D        | Killed a bag of meat
     8 | D        | Reached skill level 10 in Stealth
     8 | D        | Gained mutation: You are completely covered in icy blue
                  | scales. (AC +4, rC+) [demonic ancestry]
     8 | D        | Reached XP level 12. HP: 93/116 MP: 2/21
     8 | D        | Noticed a bag of meat
     9 | D        | Noticed a meat berserker
     9 | D        | Noticed a meat berserker
    10 | D        | Killed a meat berserker
    10 | D        | Gained mutation: You are mostly covered in sharp spines.
                  | [demonic ancestry]
    10 | D        | Reached XP level 13. HP: 84/128 MP: 1/23
    10 | D        | Gained mutation: You resist negative energy. (rN+) [demonic
                  | ancestry]
    10 | D        | Reached XP level 14. HP: 90/136 MP: 1/24
    10 | D        | Noticed a bag of meat
    10 | D        | Noticed a bag of meat
    10 | D        | Noticed a bag of meat
    10 | D        | Noticed a bag of meat
    11 | D        | Killed a meat berserker
    11 | D        | Reached *** piety under Makhleb
    11 | D        | Reached skill level 15 in Invocations
    11 | D        | Reached XP level 15. HP: 148/148 MP: 1/26
    12 | D        | Noticed a meat berserker
    13 | D        | Killed a meat berserker
    13 | D        | Gained mutation: You are somewhat able to resist unholy
                  | torments (1 in 2 success). [demonic ancestry]
    13 | D        | Reached XP level 16. HP: 147/161 MP: 1/28
    13 | D        | Killed a meat berserker
    13 | D        | Reached **** piety under Makhleb
    13 | D        | Reached skill level 15 in Stealth
    13 | D        | Gained mutation: You may emit foul miasma when damaged in
                  | melee. [demonic ancestry]
    13 | D        | Reached XP level 17. HP: 173/173 MP: 1/30
    15 | D        | Noticed a meat berserker
    16 | D        | Noticed a large bag of meat
    16 | D        | Reached skill level 27 in Fighting
    16 | D        | Reached ***** piety under Makhleb
    16 | D        | Reached skill level 27 in Axes
    17 | D        | Reached skill level 27 in Dodging
    17 | D        | Noticed a meat berserker
    18 | D        | Reached XP level 18. HP: 182/182 MP: 2/34
    18 | D        | Noticed a meat berserker
    18 | D        | Noticed a meat berserker
    19 | D        | Killed a meat berserker
    19 | D        | Reached skill level 27 in Invocations
    19 | D        | Reached skill level 27 in Stealth
    19 | D        | Reached XP level 19. HP: 189/189 MP: 1/36
    20 | D        | Noticed a meat berserker
    20 | D        | Noticed a meat berserker
    21 | D        | Killed a meat berserker
    21 | D        | Reached ****** piety under Makhleb
    23 | D        | Reached XP level 20. HP: 197/197 MP: 2/41
    24 | D        | Killed a meat berserker
    24 | D        | Killed a meat berserker
    24 | D        | Reached XP level 21. HP: 204/204 MP: 2/46
    25 | D        | Killed a large bag of meat
    26 | D        | Noticed a destroyer
    27 | D        | Gained mutation: Your melee attacks may debilitate your
                  | foes. [demonic ancestry]
    27 | D        | Reached XP level 22. HP: 212/212 MP: 2/52
    28 | D        | Reached skill level 27 in Throwing
    28 | D        | Reached skill level 27 in Armour
    28 | D        | Reached skill level 27 in Unarmed Combat
    28 | D        | Reached skill level 27 in Spellcasting
    28 | D        | Noticed a destroyer
    29 | D        | Noticed a destroyer
    29 | D        | Noticed a destroyer
    31 | D        | Noticed a destroyer
    33 | D        | Reached XP level 23. HP: 219/219 MP: 2/54
    33 | D        | Killed a destroyer
    34 | D        | Noticed a destroyer
    36 | D        | Killed a destroyer
    36 | D        | Noticed a destroyer
    37 | D        | Reached XP level 24. HP: 227/227 MP: 3/54
    37 | D        | Noticed a destroyer
    38 | D        | Killed a destroyer
    38 | D        | Noticed a destroyer
    39 | D        | Noticed a large bag of meat
    40 | D        | Killed a destroyer
    41 | D        | Killed a destroyer
    41 | D        | Gained mutation: You are completely covered in sharp
                  | spines. [demonic ancestry]
    41 | D        | Reached XP level 25. HP: 234/234 MP: 2/54
    41 | D        | Killed a destroyer
    41 | D        | Noticed a destroyer
    42 | D        | Killed a destroyer
    42 | D        | Killed a destroyer
    42 | D        | Reached XP level 26. HP: 233/242 MP: 1/54
    42 | D        | Noticed a destroyer
    45 | D        | Killed a destroyer
    46 | D        | Noticed a tyrant
    48 | D        | Noticed an accursed
    48 | D        | Noticed a destroyer
    48 | D        | Noticed a destroyer
    48 | D        | Noticed a destroyer
    49 | D        | Killed a destroyer
    49 | D        | Noticed a large bag of meat
    50 | D        | Noticed a tyrant
    50 | D        | Noticed a destroyer
    50 | D        | Noticed a tyrant
    51 | D        | Noticed a destroyer
    51 | D        | Killed a destroyer
    51 | D        | Killed a destroyer
    51 | D        | Gained mutation: You frequently emit foul miasma when
                  | damaged in melee. [demonic ancestry]
    51 | D        | Reached XP level 27. HP: 249/249 MP: 29/54
    51 | D        | Noticed a destroyer
    52 | D        | Noticed a destroyer
    52 | D        | Noticed a destroyer
    53 | D        | Killed a destroyer
    53 | D        | Noticed a destroyer
    54 | D        | Noticed a large bag of meat
    55 | D        | Killed a destroyer
    55 | D        | Noticed a tyrant
    56 | D        | Killed a tyrant
    56 | D        | Noticed a large bag of meat
    57 | D        | Noticed a tyrant
    57 | D        | Noticed a destroyer
    58 | D        | Killed a destroyer
    60 | D        | Killed a destroyer
    60 | D        | Killed a tyrant
    61 | D        | Killed a large bag of meat
    62 | D        | Killed a destroyer
    62 | D        | Killed a destroyer
    62 | D        | Noticed a meat beast
    63 | D        | Killed a destroyer
    63 | D        | Killed a destroyer
    64 | D        | Killed a large bag of meat
    64 | D        | Killed a large bag of meat
    65 | D        | Killed a meat beast
    65 | D        | Killed an accursed
    67 | D        | Killed a tyrant
    68 | D        | Noticed a destroyer
    69 | D        | Noticed a meat beast
    69 | D        | Killed a destroyer
    69 | D        | Killed a tyrant
    70 | D        | Killed a large bag of meat
    71 | D        | Killed a meat beast
    76 | D        | Killed a destroyer
    88 | D        | Killed a tyrant
    89 | D        | Noticed a meat beast
    92 | D        | Noticed a meat beast
    95 | D        | Killed a meat beast
    96 | D        | Noticed an accursed
    96 | D        | Noticed an accursed
    97 | D        | Noticed a meat beast
    99 | D        | Noticed a destroyer
   100 | D        | Killed a meat beast
   101 | D        | Noticed a tyrant
   102 | D        | Noticed a meat beast
   106 | D        | Noticed a destroyer
   107 | D        | Killed a meat beast
   108 | D        | Killed an accursed
   108 | D        | Noticed an accursed
   109 | D        | Killed a destroyer
   109 | D        | Noticed a meat beast
   110 | D        | Noticed a destroyer
   110 | D        | Killed an accursed
   110 | D        | Killed a tyrant
   111 | D        | Killed a meat beast
   112 | D        | Killed a meat beast
   113 | D        | Noticed a meat beast
   115 | D        | Killed a destroyer
   115 | D        | Killed a meat beast
   120 | D        | Noticed an accursed
   121 | D        | Noticed a fleshlord
   121 | D        | Killed an accursed
   122 | D        | Killed from afar by a scourge

Skill      XL: |  1  2  3  4  5  6  7  8  9 10 11 12 13 14 15 16 17 18 19 20 21 22 |
---------------+-------------------------------------------------------------------+-----
Fighting       | 15 17 20 22 24 26 27 | 27.0
Axes           | 14 16 19 21 23 26 27 | 27.0
Dodging        | 14 16 18 20 22 24 27 | 27.0
Stealth        | 8 10 11 13 14 15 20 27 | 27.0
Invocations    | 11 12 14 15 17 18 24 27 | 27.0
Throwing       | 7 17 21 26 27 | 27.0
Armour         | 7 17 21 26 27 | 27.0
Unarmed Combat | 7 17 21 26 27 | 27.0
Spellcasting   | 7 17 21 26 27 | 27.0

Action                   |  1- 3 |  4- 6 |  7- 9 | 10-12 | 13-15 | 16-18 | 19-21 | 22-24 | 25-27 || total
-------------------------+-------+-------+-------+-------+-------+-------+-------+-------+-------++-------
Melee: Executioner's axe |     1 |       |       |     2 |     3 |     4 |     7 |    11 |    60 ||    88
Invok: Greater Servant o |       |       |       |       |       |       |       |       |     1 ||     1
  Use: Potion            |       |       |       |       |       |       |       |       |     4 ||     4
Dodge: Dodged            |       |       |       |       |     1 |       |       |     2 |    18 ||    21
